 Dungeon Crawl Stone Soup version 0.29-a0-359-g541a27f54d (webtiles) character file.

Game seed: 14785158048024159697

11 Morbidden the Slasher (level 2, 7/22 HPs)
             Began as a Demonspawn Gladiator on Apr 27, 2022.
             Quit the game on level 1 of the Dungeon.
             The game lasted 00:00:24 (589 turns).

Morbidden the Slasher (Demonspawn Gladiator)         Turns: 589, Time: 00:00:24

Health: 7/22       AC:  4    Str: 14    XL:     2   Next: 13%
Magic:  2/2        EV: 12    Int:  9    God:
Gold:   25         SH:  4    Dex: 14    Spells: 1/1 levels left

rFire   . . .      SeeInvis .   a - +0 long sword
rCold   . . .      Faith    .   (no shield)
rNeg    . . .      Spirit   .   b - +0 leather armour
rPois   .          Reflect  .   c - +0 helmet
rElec   .          Harm     .   (no cloak)
rCorr   .          Rampage  .   (no gloves)
Will    .....                   (no boots)
Stlth   +.........              (no amulet)
HPRegen 0.07/turn               (no ring)
MPRegen 0.08/turn               (no ring)

@: no status effects
A: large bone plates 1
a: no special abilities


You were on level 1 of the Dungeon.
You visited 1 branch of the dungeon, and saw 1 of its levels.

You collected 25 gold pieces.

Inventory:

Hand Weapons
 a - a +0 long sword (weapon)
Missiles
 d - 3 throwing nets (quivered)
 e - a javelin
Armour
 b - a +0 leather armour (worn)
 c - a +0 helmet (worn)
Scrolls
 h - a scroll of summoning {unknown}
 j - 2 scrolls of enchant armour {unknown}
 k - a scroll of noise {unknown}
 l - a scroll of identify {unknown}
Potions
 f - 3 potions of resistance {unknown}
 g - a potion of brilliance {unknown}
 i - a potion of curing {unknown}


   Skills:
 + Level 2.2 Fighting
 + Level 3.0 Long Blades
 + Level 1.7 Throwing
 + Level 0.1 Armour
 + Level 2.8 Dodging


You had one spell level left.
You didn't know any spells.
Your spell library was empty.

Dungeon Overview and Level Annotations

Branches:
Dungeon (1/15)

Altars:


Innate Abilities, Weirdness & Mutations

You are partially covered in large bone plates. (SH +4)


Message History

You kill the bat!
A bat comes into view.
Unknown command.
An endoplasm comes into view.
You block the bat's attack.
You closely miss the bat. The bat misses you.
The bat hits you but does no damage.
You barely miss the bat.
The endoplasm quivers.
The bat hits you.
You barely miss the bat. The bat hits you. The bat closely misses you.
You closely miss the bat. The bat hits you but does no damage.
The endoplasm freezes you.
You are frozen.
You miss the bat. The bat hits you.
The endoplasm hits you but does no damage.
You barely miss the bat. The bat hits you but does no damage.
The endoplasm hits you but does no damage.
The bat hits you but does no damage. The endoplasm freezes you.
You are frozen.
You miss the bat. The bat hits you but does no damage.
The endoplasm barely misses you.
You closely miss the bat. The bat hits you.
The bat hits you but does no damage. The endoplasm closely misses you.
You slash the bat!
You kill the bat!
The endoplasm hits you. The endoplasm freezes you.
You are frozen.
* * * LOW HITPOINT WARNING * * *
Your Long Blades skill increases to level 3!
You are too injured to fight recklessly!
You are too injured to fight recklessly!
You slash the endoplasm!
You kill the endoplasm!
Unknown command.
Unknown command.
Are you sure you want to abandon this character and quit the game? (Confirm with "yes".)

.......# .#####.# .#
#...# .# #.### ### .#
#.# ... .#
#.##############.###.
.#
#.........#..........
.# ######......[....#
## #.......@.#.# ##..
#.........# ....
..........>......#
##.#
#.####.#.#.#.###.#
... #.#.#.#.# ...
#.#.#.#.. ... #.#.#.#
.# ... .. ... ..


There were no monsters in sight!

Vanquished Creatures
  5 bats (D:1)
  2 endoplasms (D:1)
  A giant cockroach (D:1)
  A ball python (D:1)
  A frilled lizard (D:1)
  A rat (D:1)
11 creatures vanquished.

Notes
Turn   | Place    | Note
-------+----------+-------------------------------------------
     0 | D:1      | Morbidden the Demonspawn Gladiator began the quest for the
                  | Orb.
     0 | D:1      | Reached XP level 1. HP: 16/16 MP: 1/1
   501 | D:1      | Gained mutation: You are partially covered in large bone
                  | plates. (SH +4) [demonic ancestry]
   501 | D:1      | Reached XP level 2. HP: 22/22 MP: 2/2
   588 | D:1      | Reached skill level 3 in Long Blades
   589 | D:1      | Quit the game

Illustrated notes

Levels and vault maps discovered:
D:1:      psy_arrival_statuary, layout_basic

Skill      XL: |  1  2 |
---------------+-------+-----
Long Blades    | 3 |  3.0
Fighting       | |  2.2
Throwing       | |  1.7
Armour         | |  0.1
Dodging        | |  2.8

Action                   || total
-------------------------++-------
Melee: Long sword        ||    47
Armor: Leather armour    ||    25
Dodge: Dodged            ||    34
Block: Other             ||     2

Table legend: (Time is in decaauts)
 A = Elapsed time spent in this place.
 B = Non-inter-level travel time spent in this place.
 C = Inter-level travel time spent in this place.
 D = Time resting spent in this place.
 E = Time spent auto-exploring this place.
 F = Levels seen in this place.
 G = Mean time per level.
                   A        B        C        D        E       F      G
               +--------+--------+--------+--------+--------+-----+--------+
         Total |    601 |    601 |      0 |      0 |    488 |   1 |  601.0 |
       Dungeon |    601 |    601 |      0 |      0 |    488 |   1 |  601.0 |
               +--------+--------+--------+--------+--------+-----+--------+

Top non-repeatable levels by time:
     D:1: 601 daAuts
